 Dungeon Crawl Stone Soup version 0.20-a0-345-gbfb25ec (webtiles) character file.

4069 ololoev the Cudgeler (level 10, -6/76 HPs)
             Began as a Naga Fire Elementalist on Dec 22, 2016.
             Was a Priest of Cheibriados.
             Mangled by an orc warrior
             ... wielding a +0 halberd
              (25 damage)
             ... on level 7 of the Dungeon.
             The game lasted 00:29:48 (7531 turns).

ololoev the Cudgeler (Naga Fire Elementalist)       Turns: 7531, Time: 00:29:49

Health: -6/76      AC:  8    Str: 20    XL:     10   Next: 25%
Magic:  0/17       EV: 11    Int: 26    God:    Cheibriados [***...]
Gold:   107        SH:  0    Dex: 19    Spells: 7/18 levels left

rFire  + . .     SeeInvis +     a - +5 flail
rCold  + . .     Gourm    .     s - +0 ring mail (curse)
rNeg   . . .     Faith    .     (no shield)
rPois  +         Spirit   .     y - +1 helmet
rElec  .         Reflect  .     (no cloak)
rCorr  .         Harm     .     (no gloves)
MR     +....                    (no barding)
Stlth  +++.......               (no amulet)
                                l - ring of protection from cold
                                r - ring of protection from fire

@: very slightly contaminated, very slow
A: see invisible, deformed body, poison resistance, slowness 2, slow metabolism
1, spit poison 1, AC +3
a: Spit Poison, Bend Time, Temporal Distortion, Renounce Religion


Innate Abilities, Weirdness & Mutations

You cannot wear boots.
Your serpentine skin is tough. (AC +3)
You have supernaturally acute eyesight. (SInv)
Armour fits poorly on your strangely shaped body.
Your system is resistant to poisons. (rPois)
You cover ground very slowly.
You have a slow metabolism.
You can spit poison.

Inventory:

Hand Weapons
 a - a +5 flail (weapon)
Armour
 s - a cursed +0 ring mail (worn)
 y - a +1 helmet (worn)
Jewellery
 l - a ring of protection from cold (right hand)
 r - a ring of protection from fire (left hand)
Wands
 k - a wand of iceblast (9/15)
 t - a wand of polymorph (11/24)
 w - a wand of acid (1/15)
Scrolls
 d - a scroll of remove curse
 j - a scroll of vulnerability {unknown}
 p - 2 scrolls of teleportation
 q - a scroll of magic mapping
 v - a scroll of random uselessness {unknown}
 x - a scroll of noise {unknown}
Potions
 b - a potion of ambrosia
 f - 2 potions of resistance
 g - a potion of lignification {unknown}
 n - 4 potions of curing
 o - 2 potions of degeneration {unknown}
 u - 3 potions of agility {unknown}
 A - a potion of beneficial mutation {unknown}
Comestibles
 c - 3 bread rations
 h - 2 meat rations
 i - 2 fruits
 m - 2 beef jerkies
 z - 3 chunks of flesh


   Skills:
 + Level 0.8 Fighting
 * Level 7.1 Maces & Flails
 + Level 3.7 Armour
 + Level 4.0 Dodging
 - Level 5.0 Stealth
 + Level 4.7 Spellcasting
 + Level 6.4 Conjurations
 + Level 2.0 Hexes
 - Level 5.5 Fire Magic
 + Level 4.2 Invocations


You had 7 spell levels left.
You knew the following spells:

 Your Spells              Type           Power        Failure   Level  Hunger
a - Flame Tongue          Conj/Fire      #####        1%          1    None
b - Conjure Flame         Conj/Fire      #####...     3%          3    ##.....
c - Sticky Flame          Conj/Fire      #####...     12%         4    ####...
d - Confuse               Hex            ###.....     17%         3    ##.....


You were on level 7 of the Dungeon.
You worshipped Cheibriados.
Cheibriados was most pleased with you.
You were hungry.

You visited 2 branches of the dungeon, and saw 8 of its levels.

You collected 299 gold pieces.
You spent 192 gold pieces at shops.

#...# #.))########
###+#)..#... #(./#[#..
#.#...#.h
#.#####'##############
#.)...#.......#....#..
#...[[#l)..)....≈≈....
#.##'@#.........≈≈....
#.#..Khol.))).#....#..
#.#..o.########....###
#[#....# #.(.##)..#
#...#'#### ##########
#...#. #####≈ ≈≈ ≈≈
≈≈≈ ≈

Notes
Turn   | Place    | Note
-------+----------+-------------------------------------------
     0 | D:1      | ololoev the Naga Fire Elementalist began the quest for the Orb.
     0 | D:1      | Reached XP level 1. HP: 15/15 MP: 3/3
   197 | D:1      | Reached XP level 2. HP: 22/22 MP: 5/5
   686 | D:1      | Reached skill level 1 in Maces & Flails
   886 | D:1      | Reached XP level 3. HP: 28/28 MP: 6/6
  1258 | D:2      | Learned a level 3 spell: Conjure Flame
  1443 | D:2      | Noticed Robin
  1481 | D:2      | Noticed Jessica
  1484 | D:2      | Killed Jessica
  1484 | D:2      | Reached XP level 4. HP: 36/36 MP: 4/7
  1526 | D:2      | Killed Robin
  1526 | D:2      | Reached skill level 2 in Maces & Flails
  1594 | D:2      | Reached skill level 1 in Armour
  1740 | D:2      | Learned a level 4 spell: Sticky Flame
  1852 | D:2      | Reached XP level 5. HP: 42/42 MP: 6/8
  1892 | D:2      | Found a blossoming altar of Fedhas.
  2082 | D:3      | Iwannabefree: >the +2 helmet of the Depths (worn) {rF- rC+ MR+ Regen+ Slay+2}.
  2083 | D:3      | Iwannabefree: не проебал?
  2083 | D:3      | Iwannabefree: стрик
  2083 | D:3      | Iwannabefree: я вот свой проебал
  2083 | D:3      | ololoev: konechno ze ya uje umer
  2083 | D:3      | Iwannabefree: ебучий аддер на д2
  2083 | D:3      | Iwannabefree: !lg ololoev
  2083 | D:3      | beem: 3208. ololoev the Sneak (L4 NaFE), slain by a bullfrog on D:3 on 2016-12-22 09:21:49, with 73 points after 2291 turns and 0:06:14.
  2083 | D:3      | ololoev: poison ne popal po hopgoblinu
  2083 | D:3      | ololoev: i 3 flame tongue ne hvatilo
  2083 | D:3      | ololoev: a potom eshe lyaguha na d3 dognala
  2083 | D:3      | ololoev: uje 2 raza umer
  2086 | D:3      | Iwannabefree: нагой хуево спедрунить
  2088 | D:3      | Iwannabefree: точнее
  2088 | D:3      | ololoev: aga
  2096 | D:3      | Iwannabefree: не не проебывать в ерли
  2102 | D:3      | ololoev: !streak dynast
  2102 | D:3      | beem: dynast has 19 consecutive wins (NaWn, NaWn, NaWn, NaWn, NaWn, NaWn, NaWn, NaWn, NaWn, NaWn, NaWn, NaWn, NaWn, NaWn, NaWn, NaWn, NaWn, NaWn, NaWn).
  2107 | D:3      | Iwannabefree: mm
  2150 | D:3      | Found a bloodstained altar of Trog.
  2158 | D:3      | Iwannabefree: ебошер
  2165 | D:3      | ololoev: aga
  2165 | D:3      | ololoev: eto ppc
  2288 | D:3      | Iwannabefree: horosh
  2300 | D:3      | ololoev: tak
  2300 | D:3      | ololoev: priest
  2300 | D:3      | ololoev: kakogo
  2300 | D:3      | ololoev: hrena
  2328 | D:3      | Iwannabefree: плюй
  2329 | D:3      | Iwannabefree: же
  2329 | D:3      | Reached XP level 6. HP: 16/49 MP: 4/10
  2753 | D:3      | Noticed Yermak's ghost (weakling VSWn)
  2808 | D:3      | Reached skill level 3 in Maces & Flails
  3142 | D:4      | Noticed a phantom
  3165 | D:4      | Killed a phantom
  3350 | D:4      | Reached XP level 7. HP: 52/55 MP: 7/11
  3529 | D:4      | Found a sparkling altar of Nemelex Xobeh.
  3854 | D:5      | Entered Level 5 of the Dungeon
  3854 | D:5      | Found Nuloz's Distillery.
  3857 | D:5      | Bought 2 potions of heal wounds for 120 gold pieces
  3857 | D:5      | Bought a potion of curing for 36 gold pieces
  3857 | D:5      | Bought a potion of curing for 36 gold pieces
  3967 | D:5      | Found a staircase to the Ecumenical Temple.
  3980 | D:5      | Reached skill level 4 in Maces & Flails
  4009 | Temple   | Entered the Ecumenical Temple
  4095 | Temple   | Became a worshipper of Cheibriados the Contemplative
  4339 | D:5      | Reached XP level 8. HP: 55/62 MP: 12/12
  4415 | D:5      | Iwannabefree: >>>>>>>>chei
  4415 | D:5      | Iwannabefree: reee
  4620 | D:5      | Reached skill level 1 in Invocations
  4670 | D:5      | You fall through a shaft!
  4777 | D:6      | Reached * piety under Cheibriados
  4828 | D:6      | Reached skill level 5 in Maces & Flails
  5207 | D:6      | Reached skill level 5 in Conjurations
  5277 | D:6      | Found an iron altar of Okawaru.
  5397 | D:6      | ololoev: olololo
  5397 | D:6      | ololoev: +5
  5397 | D:6      | ololoev: ya lublu wightov
  5588 | D:6      | Reached XP level 9. HP: 58/68 MP: 10/14
  5708 | D:6      | Noticed a two-headed ogre
  5718 | D:6      | Killed a two-headed ogre
  5718 | D:6      | Reached skill level 6 in Maces & Flails
  5718 | D:6      | Reached skill level 5 in Fire Magic
  5855 | D:6      | Reached skill level 5 in Stealth
  5939 | D:6      | Found Ciriss's Weapon Emporium.
  5944 | D:6      | Reached ** piety under Cheibriados
  6337 | D:6      | Learned a level 3 spell: Confuse
  6737 | D:7      | Reached skill level 1 in Hexes
  6756 | D:7      | Reached XP level 10. HP: 25/75 MP: 0/16
  7024 | D:7      | Reached *** piety under Cheibriados
  7194 | D:7      | Noticed an orc knight
  7505 | D:7      | Noticed an orc knight
  7526 | D:7      | Killed an orc knight
  7526 | D:7      | Reached skill level 7 in Maces & Flails
  7531 | D:7      | Mangled by an orc warrior

Dungeon Overview and Level Annotations

Branches:
Dungeon (7/15)             Temple (1/1) D:5

Altars:
Cheibriados
Elyvilon
Fedhas
Hepliaklqana
Nemelex Xobeh
Okawaru
Qazlal
Sif Muna
Trog
Uskayaw
Vehumet
Xom
Yredelemnul
Zin
The Shining One

Shops:
D:5 !   D:6 (

Annotations:
D:3 Yermak's ghost, weakling VSWn


Message History

The sticky flame hits the orc knight.
The orc knight is moderately wounded.
The orc knight is covered in liquid flames!
The orc knight burns!
The orc knight roars a battlecry!
The orc goes into a battle-frenzy!
The kobold closely misses you.
You hear a howl!
Casting: Sticky Flame
Confirm with . or Enter, or press ? or * to list all spells.
Aiming: Sticky Flame
Press: ? - help, Shift-Dir - straight line, f/p - orc knight
Aim: an orc knight, wielding an enchanted dire flail and wearing a chain mail (heavily wounded, covered in liquid flames)
The sticky flame hits the orc knight.
The orc knight is heavily wounded.
The orc knight is covered in liquid flames!
The orc knight burns!
The orc warrior barely misses you.
Unknown command.
The orc warrior no longer looks unusually strong.
The orc knight burns! x2; The kobold barely misses you.
The orc knight roars a battlecry!
The orc warrior goes into a battle-frenzy!
The orc knight hits you with an enchanted dire flail!
You hear an angry hiss.
Unknown command.
The orc knight burns! x2
The orc no longer looks unusually strong.
The orc completely misses you. The warg bites you.
The orc knight roars a battlecry!
The orc goes into a battle-frenzy!
The orc barely misses you. The kobold hits you but does no damage.
The orc warrior misses you. The warg bites you but does no damage.
Items here: ( )) [[ a battleaxe; a plate armour; a dagger; 10 tomahawks; a chain mail Unknown command.
The orc knight burns! x2; The warg closely misses you.
The warg bites you. The kobold hits you with a mace.
The orc warrior hits you from afar with a halberd.
The warg barely misses you.
You see here a flail.
Unknown command.
Evoke which item? (* to show all) (? for menu, Esc to quit)
Zapping:
k - a wand of iceblast (10/15)
Press: ? - help, Shift-Dir - straight line, p - orc knight The mass of ice explodes!
The iceblast engulfs the orc knight.
You kill the orc knight!
Cheibriados appreciates the change of pace.
Your Maces & Flails skill increases to level 7!
Your Dodging skill increases to level 4!
Your Hexes skill increases to level 2!
The iceblast engulfs the warg.
The warg is heavily wounded.
This wand has 9 charges left.
You hear an angry hiss.
You hear a howl! x3
The warg bites you. The kobold closely misses you.
The orc warrior hits you from afar with a halberd!!
The warg closely misses you.
An iguana comes into view.
Unknown command.
You feel much better. The kobold hits you but does no damage.
The orc warrior barely misses you. The warg bites you!
The orc closely misses you. The warg closely misses you.
The orc warrior misses you. The orc misses you.
The warg bites you but does no damage.
A warg comes into view.
The warg bites you! x2
There is a large open door, spattered with blood here.
You feel much better. The warg misses you. The kobold hits you with a mace.
Casting: Sticky Flame
Confirm with . or Enter, or press ? or * to list all spells.
Aiming: Sticky Flame
Press: ? - help, Shift-Dir - straight line, f - warg
Aim: a warg (heavily wounded)
The sticky flame hits the warg.
The warg is heavily wounded.
The warg is covered in liquid flames!
You hear a howl!
The warg burns!
The warg bites you!
The orc warrior hits you from afar with a halberd!!
You die...

You could see a warg (burning), an orc warrior, an iguana, an orc and a kobold.

Vanquished Creatures
  A two-headed ogre (D:6)
  An orc knight (D:7)
  A hungry ghost (D:7)
  A sky beast (D:5)
  3 ice beasts (D:6)
  5 orc warriors (D:7)
  2 phantoms
  An ogre (D:6)
  2 centaurs
  4 bullfrogs (D:6)
  A scorpion (D:7)
  4 wights (D:6)
  2 crimson imps (D:5)
  2 gnoll shamans
  5 orc priests
  7 orc wizards
  3 hounds
  Jessica (D:2)
  A centaur skeleton (D:4)
  3 iguanas
  5 worker ants
  A hound skeleton (D:6)
  Robin (D:2)
  5 gnolls
  10 adders
  A shadow imp (D:5)
  2 oozes
  6 worms
  2 dart slugs
  4 leopard geckos
  25 orcs
  8 bats
  7 giant cockroaches
  18 goblins
  8 hobgoblins
  5 jackals
  3 kobolds
  2 quokkas (D:5)
  4 ball pythons
  3 frilled lizards
  A jackal zombie (D:6)
  2 leopard gecko skeletons (D:6)
  A quokka skeleton (D:4)
  A quokka zombie (D:6)
  15 rats
190 creatures vanquished.

Vanquished Creatures (others)
  A quokka zombie (D:7)
  3 plants (D:7)
4 creatures vanquished.

Grand Total: 194 creatures vanquished

Action                   |  1- 3 |  4- 6 |  7- 9 | 10-12 || total
-------------------------+-------+-------+-------+-------++-------
Melee: Short sword       |    18 |       |       |       ||    18
       Dagger            |    16 |    71 |    45 |       ||   132
       Mace              |       |       |    42 |       ||    42
       Flail             |       |       |    49 |    40 ||    89
 Cast: Flame Tongue      |    32 |    67 |   118 |     1 ||   218
       Sticky Flame      |       |       |    12 |     9 ||    21
       Conjure Flame     |       |       |     7 |       ||     7
       Confuse           |       |       |       |     2 ||     2
 Abil: Spit Poison       |    25 |    37 |    22 |     5 ||    89
Evoke: Wand              |       |       |    11 |     3 ||    14
  Use: Scroll            |     2 |     7 |     4 |       ||    13
       Potion            |       |     8 |     2 |     2 ||    12
 Stab: Sleeping          |     3 |     2 |     1 |       ||     6
       Distracted        |       |       |       |     1 ||     1
  Eat: Chunk             |     3 |     7 |     9 |       ||    19
       Meat ration       |       |       |     1 |       ||     1
Armor: Robe              |    14 |    32 |    32 |       ||    78
       Ring mail         |       |       |    43 |    24 ||    67
Dodge: Dodged            |    30 |    60 |   131 |    58 ||   279

Vault maps used:
D:1:      matt_arrival_diagonals
D:2:      fedhas_altar_3, uniq_robin, uniq_jessica
D:3:      overflow_temple_1_default, roderic_bipointed_swastika
D:4:      first_bread, nemelex_dance_club_becter
D:5:      serial_shops, shop
D:6:      nicolae_overflow_hidden_temple, serial_shops, shop_fountains
D:7:      lemuel_castle_with_subvaults, nicolae_sextant, st_stairs_7,
          grunt_ogre_cave, kennysheep_generic_room_12
Temple:   regret_index_temple_sphere_string
